 Dungeon Crawl Stone Soup version 0.20-a0-1117-g62da73f (webtiles) character file.

5580 4thArraOfDagon the Carver (level 10, -3/81 HPs)
             Began as a Minotaur Berserker on May 9, 2017.
             Was a Priest of Trog.
             Killed from afar by a hell hound (19 damage)
             ... with a blast of flame
             ... led by Azrael
             ... on level 13 of the Dungeon.
             The game lasted 00:11:55 (2115 turns).

4thArraOfDagon the Carver (Minotaur Berserker)      Turns: 2115, Time: 00:11:56

Health: -3/81      AC:  7    Str: 25    XL:     10   Next: 44%
Magic:  3/9        EV: 15    Int:  4    God:    Trog [***...]
Gold:   212        SH:  0    Dex: 10    Spells: 9/9 levels left

rFire    . . .     SeeInvis .   a - +1 falchion
rCold    . . .     Gourm    .   (no shield)
rNeg     . . .     Faith    .   D - +0 troll leather armour
rPois    .         Spirit   .   (helmet restricted)
rElec    .         Reflect  .   (no cloak)
rCorr    .         Harm     .   (no gloves)
MR       ++...                  y - +0 pair of boots
Stlth    ..........             (no amulet)
Regen    1.7/turn               B - ring of loudness (curse)
MPRegen  0.2/turn               (no ring)

@: regenerating, hasted and slowed
A: retaliatory headbutt, horns 2, frail 1
a: Berserk, Trog's Hand, Burn Spellbooks, Renounce Religion


You were on level 13 of the Dungeon.
You worshipped Trog.
Trog was most pleased with you.
You were hungry.

You visited 1 branch of the dungeon, and saw 13 of its levels.
You also visited: Bailey.

You collected 212 gold pieces.

Inventory:

Hand Weapons
 a - a +1 falchion (weapon)
Armour
 b - a +0 animal skin
 d - a +0 ring mail
 s - a +0 plate armour
 y - a +0 pair of boots (worn)
 D - a +0 troll leather armour (worn)
Magical Staves
 E - an uncursed staff of earth {unknown}
Jewellery
 B - a cursed ring of loudness (left hand)
Wands
 r - a wand of random effects (18/48)
 v - a wand of polymorph (8/24)
Scrolls
 e - 3 scrolls of identify
 g - 3 scrolls of remove curse {unknown}
 h - 2 scrolls of enchant armour {unknown}
 k - 2 scrolls of immolation {unknown}
 l - 2 scrolls of blinking {unknown}
 q - 2 scrolls of fear {unknown}
 u - 2 scrolls of random uselessness {unknown}
Potions
 f - 3 potions of brilliance {unknown}
 m - a potion of ambrosia
 n - a potion of haste
 o - 4 potions of curing
 p - a potion of flight
 w - a potion of mutation
 z - a potion of agility
Books
 A - a book of Debilitation

   Spells                             Type                      Level
   a - Corona                         Hexes                        1
   b - Slow                           Hexes                        2
   c - Inner Flame                    Hexes/Fire                   3
   d - Portal Projectile              Hexes/Translocation          3
   e - Cause Fear                     Hexes                        4
   f - Leda's Liquefaction            Hexes/Earth                  4
   Trog disapproves of the use of such an item.
Comestibles
 c - 6 bread rations
 j - a meat ration
 t - a royal jelly
 x - 4 fruits
 C - 7 chunks of flesh


   Skills:
 + Level 9.0 Fighting
 * Level 12.2 Long Blades
 + Level 8.9 Armour
 + Level 7.9 Dodging


You had 9 spell levels left.
You didn't know any spells.

Dungeon Overview and Level Annotations

Branches:
Dungeon (13/15)            Temple (0/1) D:4            Lair (0/6) D:9
    Orc: D:9-12      Vaults: D:13-14

Altars:
Qazlal
Sif Muna
Vehumet
Xom
Zin

Annotations:
D:10 Urug
D:13 Azrael


Innate Abilities, Weirdness & Mutations

You reflexively headbutt those who attack you in melee.
You have a pair of horns on your head.
You are frail. (-10% HP)


Message History

Unknown command.
Unknown command.
Unknown command.
You feel the effects of Trog's Hand fading.
The fire elemental closely misses you.
You riposte.
You closely miss the fire elemental. You headbutt the fire elemental.
The fire elemental is lightly damaged.
Unknown command.
Unknown command.
The hell hound misses you. You furiously retaliate!
You headbutt the hell hound!
You kill the hell hound!
Trog accepts your kill. The hell hound closely misses you.
Unknown command.
Unknown command.
Unknown command.
The hell hound breathes flames at you. The blast of flame hits you!
You die...

#.# .#.#
#.###.#.#
###.......####
#))...§......#
#.##..§§..##.
......).##.#§.#.#
...........#EE#
..
........####h.#
#.
...####....@..#
.. #####........
. #.####### #.#
#.# #.# #.# #..


You could see 2 fire elementals and a hell hound.

Vanquished Creatures
  A two-headed ogre (D:8)
  The ghost of 4thArraOfDagon the Carver, a novice MiBe of Trog (D:8)
  A centaur zombie (D:13)
  Joseph (D:8)
  A tengu conjurer (D:11)
  2 trolls
  Grinder (D:5)
  A yak (D:9)
  A hungry ghost (D:8)
  A hell hound (D:13)
  An orc warrior (D:6)
  An ice beast (D:7)
  2 sky beasts
  A phantom (D:10)
  2 ogres
  2 eyes of draining
  4 centaurs
  A big kobold (D:12)
  Blork the orc (D:4)
  3 bullfrogs
  5 killer bees (D:9)
  2 howler monkeys (D:8)
  6 crimson imps
  2 orc priests
  2 bullfrog skeletons
  A jelly (D:10)
  5 orc wizards
  2 iguanas
  3 worker ants
  A worker ant zombie (D:6)
  5 adders
  3 gnolls (D:4)
  A shadow imp (D:6)
  2 worms
  A dart slug (D:3)
  A leopard gecko (D:8)
  20 orcs
  3 bats (D:1)
  2 giant cockroaches
  2 goblins (D:1)
  3 hobgoblins
  3 quokkas
  2 ball pythons
  2 frilled lizards
  7 kobolds
  4 rats (D:1)
119 creatures vanquished.

Notes
Turn   | Place    | Note
-------+----------+-------------------------------------------
     0 | D:1      | 4thArraOfDagon the Minotaur Berserker began the quest for the Orb.
     0 | D:1      | Reached XP level 1. HP: 19/19 MP: 0/0
    19 | D:1      | jacquesderrida: Did they REMOVE exhaust status reeeeeeeeeeeeeeeeeee
    63 | D:1      | Reached XP level 2. HP: 27/27 MP: 1/1
   138 | D:2      | 4thArraOfDagon: yp
   214 | D:2      | Reached skill level 4 in Long Blades
   251 | D:2      | Reached ** piety under Trog
   263 | D:2      | jacquesderrida: daaaaaaayum
   285 | D:1      | jacquesderrida: ??exhaustion
   285 | D:1      | beem: exhaustion ~ exhausted[1/1]: Status obtained after berserking, casting Death's Door or using Ru's abilities. You can't use any of them until it wears off. Isn't removed by Potion of Cancellation.
   285 | D:1      | Reached XP level 3. HP: 29/33 MP: 2/2
   289 | D:2      | You fall through a shaft!
   314 | D:3      | jacquesderrida: Too fresh for bots
   400 | D:4      | jacquesderrida: smh tbh fam
   413 | D:4      | Noticed Blork the orc
   413 | D:4      | jacquesderrida: etc
   424 | D:4      | Found a staircase to the Ecumenical Temple.
   449 | D:4      | Reached XP level 4. HP: 35/40 MP: 3/3
   465 | D:4      | Killed Blork the orc
   465 | D:4      | Reached skill level 5 in Long Blades
   511 | D:5      | Entered Level 5 of the Dungeon
   533 | D:5      | Reached XP level 5. HP: 34/46 MP: 4/4
   542 | D:5      | Noticed Grinder
   552 | D:5      | Killed Grinder
   552 | D:5      | Reached skill level 6 in Long Blades
   552 | D:5      | Reached XP level 6. HP: 55/55 MP: 5/5
   589 | D:5      | Reached skill level 5 in Fighting
   632 | D:5      | Found a shimmering altar of Xom.
   632 | D:5      | Found a glowing silver altar of Zin.
   636 | D:5      | Found a deep blue altar of Sif Muna.
   636 | D:5      | Found a stormy altar of Qazlal.
   684 | D:6      | Reached XP level 7. HP: 61/61 MP: 6/6
   711 | D:6      | Reached skill level 7 in Long Blades
   729 | D:6      | Reached skill level 5 in Armour
   762 | D:6      | Found a radiant altar of Vehumet.
   831 | D:6      | Reached skill level 5 in Dodging
   879 | D:6      | Reached XP level 8. HP: 70/70 MP: 7/7
   894 | D:6      | Reached *** piety under Trog
  1044 | D:7      | Reached skill level 8 in Long Blades
  1114 | D:8      | Noticed Joseph
  1121 | D:8      | Killed Joseph
  1121 | D:8      | Reached skill level 9 in Long Blades
  1205 | D:8      | Noticed a two-headed ogre
  1212 | D:8      | Killed a two-headed ogre
  1212 | D:8      | Reached XP level 9. HP: 79/79 MP: 8/8
  1271 | D:8      | Reached skill level 10 in Long Blades
  1334 | D:8      | Noticed 4thArraOfDagon's ghost (novice MiBe)
  1350 | D:8      | Killed 4thArraOfDagon's ghost
  1505 | D:9      | Reached skill level 11 in Long Blades
  1525 | D:9      | Gained mutation: Your magical capacity is low. (-10% MP) [mutagenic meat]
  1526 | D:9      | Lost mutation: Your magical capacity is low. (-10% MP) [mutagenic meat]
  1527 | D:9      | Gained mutation: You have supernaturally acute eyesight. (SInv) [mutagenic meat]
  1528 | D:9      | Gained mutation: You are frail. (-10% HP) [mutagenic meat]
  1529 | D:9      | Lost mutation: You have supernaturally acute eyesight. (SInv) [mutagenic meat]
  1567 | D:9      | magipi: frail
  1573 | D:9      | Found a flagged portal.
  1582 | Bailey   | Entered a bailey
  1583 | Bailey   | 4thArraOfDagon: bad
  1620 | D:10     | Entered Level 10 of the Dungeon
  1628 | D:10     | BAD
  1647 | D:10     | Noticed a two-headed ogre
  1653 | D:10     | Noticed a tengu conjurer
  1712 | D:10     | Noticed a troll
  1720 | D:10     | Killed a troll
  1720 | D:10     | Reached XP level 10. HP: 81/81 MP: 9/9
  1813 | D:10     | Noticed Urug
  1814 | D:10     | :BAD :(
  1861 | D:11     | magipi: an elec axe, the one time you picked swords :D
  2053 | D:12     | Noticed a rust devil
  2070 | D:12     | Noticed a six-headed hydra
  2084 | D:13     | Reached skill level 12 in Long Blades
  2108 | D:13     | Noticed Azrael
  2109 | D:13     | 4thArraOfDagon: bye
  2115 | D:13     | Killed from afar by a hell hound

Vault maps used:
D:1:      matt_arrival_grand_opening
D:2:      uniq_robin
D:3:      grunt_decor_arrowhead, uniq_ijyb
D:4:      minmay_temple_entry_statues_pillars, serial_shops, nicolae_shop_stone,
          first_bread, uniq_pikel, uniq_blork_the_orc
D:5:      grunt_temple_overflow_open, uniq_grinder
D:6:      basic_altar
D:8:      uniq_joseph
D:9:      lair_entry_dummy, enter_bailey_2
D:10:     grunt_tengu_nest, minmay_misc_feat_enclosed, uniq_urug, uniq_harold,
          uniq_maurice
D:11:     uniq_erolcha, uniq_psyche
D:12:     orc_0_dummy, elves_outpost_lemuel
D:13:     serial_shops, shop, lab_entry_generic, uniq_azrael, uniq_frances
Bailey:   bailey_polearm_flooded_kennysheep, bailey

Skill      XL: |  1  2  3  4  5  6  7  8  9 10 |
---------------+-------------------------------+-----
Long Blades    | 4 5 6 7 9 11 12 | 12.2
Fighting       | 4 5 6 7 8 9 |  9.0
Armour         | 3 4 5 7 8 |  8.9
Dodging        | 3 4 5 6 7 |  7.9

Action                   |  1- 3 |  4- 6 |  7- 9 | 10-12 || total
-------------------------+-------+-------+-------+-------++-------
Melee: Falchion          |    49 |    40 |   166 |    55 ||   310
       Headbutt          |     9 |    10 |    40 |    17 ||    76
Throw: Throwing net      |       |       |     1 |       ||     1
Invok: Berserk           |     1 |     3 |    10 |     3 ||    17
       Trog's Hand       |       |     1 |     3 |     4 ||     8
       Burn Spellbooks   |       |       |     1 |       ||     1
  Use: Scroll            |     3 |     1 |     5 |     3 ||    12
       Potion            |       |       |       |     1 ||     1
  Eat: Chunk             |       |     3 |    17 |     5 ||    25
       Fruit             |       |       |     4 |       ||     4
Armor: Animal skin       |     2 |       |       |       ||     2
       Ring mail         |    13 |     7 |     5 |       ||    25
       Plate armour      |       |       |    57 |    12 ||    69
       Troll leather arm |       |       |       |    13 ||    13
Dodge: Dodged            |    33 |    27 |    65 |    68 ||   193
       Rpst.: Falchion   |     7 |     3 |    20 |    16 ||    46
